| TOP OF THE 1ST |
|
Kane County Cougars batting - Pitching for Hartford Yard Goats : RHP Clay Redman
|
|
Pitching: RHP Clay Redman
|
|
|
Batting: LHB Willie Gutierrez
|
0-0: Swinging Strike 0-1: Ball 1-1: Foul Ball, location: 2F 1-2: Foul Ball, location: 2F 1-2: Ball 2-2: Strikes out swinging
|
|
Batting: RHB Dave Vargas
|
0-0: Called Strike 0-1: Ground out 6-3 (Groundball, 6, EV 81.9 MPH)
|
|
Batting: LHB T.J. Duvall
|
0-0: Foul Ball, location: 2F 0-1: Ball 1-1: Ball 2-1: Fly out, F7 (Flyball, 78XD, EV 82.5 MPH)
|
| Top of the 1st over - 0 runs, 0 hits, 0 errors, 0 left on base; Kane County 0 - Hartford 0 |
| BOTTOM OF THE 1ST |
|
Hartford Yard Goats batting - Pitching for Kane County Cougars : RHP Eric Richards
|
|
Pitching: RHP Eric Richards
|
|
|
Batting: SHB Eddie Quinones
|
0-0: Ball 1-0: Ball 2-0: Called Strike 2-1: Fly out, F9 (Line Drive, 9D, EV 98.1 MPH)
|
|
Batting: SHB Bobby Santor
|
0-0: Foul Ball, location: 2F 0-1: Fly out, F7 (Flyball, 7LD, EV 106.3 MPH)
|
|
Batting: RHB Kian-tat Chen
|
0-0: Called Strike 0-1: Ball 1-1: Swinging Strike 1-2: Strikes out swinging
|
| Bottom of the 1st over - 0 runs, 0 hits, 0 errors, 0 left on base; Kane County 0 - Hartford 0 |
| TOP OF THE 2ND |
|
Kane County Cougars batting - Pitching for Hartford Yard Goats : RHP Clay Redman
|
|
Batting: RHB Marlon Reda
|
0-0: Called Strike 0-1: Called Strike 0-2: Strikes out swinging, 2-3 out at first.
|
|
Batting: RHB Franklin Villanueva
|
0-0: Foul Ball, location: 2F 0-1: Ball 1-1: Ball 2-1: Called Strike 2-2: Foul Ball, location: 2F 2-2: Ball 3-2: Fly out, F9 (Flyball, 9D, EV 104.4 MPH)
|
|
Batting: RHB John Pena
|
0-0: Fly out, F9 (Flyball, 9S, EV 85.6 MPH)
|
| Top of the 2nd over - 0 runs, 0 hits, 0 errors, 0 left on base; Kane County 0 - Hartford 0 |
| BOTTOM OF THE 2ND |
|
Hartford Yard Goats batting - Pitching for Kane County Cougars : RHP Eric Richards
|
|
Batting: LHB Jeremy Brammer
|
0-0: Ball 1-0: Foul Ball, location: 2F 1-1: Called Strike 1-2: Strikes out swinging
|
|
Batting: SHB In-sung Lee
|
0-0: Ball 1-0: Called Strike 1-1: SOLO HOME RUN (Line Drive, 9D, EV 97.5 MPH), Distance : 390 ft
|
|
Batting: SHB Pete Perla
|
0-0: Foul Ball, location: 2F 0-1: Ball 1-1: Swinging Strike 1-2: Strikes out looking
|
|
Batting: RHB Eric Garrett
|
0-0: Called Strike 0-1: Ball 1-1: Ball 2-1: Ball 3-1: Foul Ball, location: 2F 3-2: Foul Ball, location: 2F 3-2: SINGLE (Groundball, 6S, EV 65.6 MPH) (infield hit)
|
|
Batting: RHB Jerry Edmiston
|
0-0: DOUBLE (Flyball, 89D, EV 113.1 MPH) Eric Garrett to third
|
|
Batting: RHB Steve Waltenbery
|
0-0: Ball 1-0: Ball 2-0: Ball 3-0: Base on Balls
|
|
Batting: SHB Eddie Quinones
|
0-0: Swinging Strike 0-1: Called Strike 0-2: Ball 1-2: Ball 2-2: Ball 3-2: Base on Balls Eric Garrett scores Jerry Edmiston to third Steve Waltenbery to second
|
|
Batting: SHB Bobby Santor
|
0-0: Foul Ball, location: 2F 0-1: Foul Ball, location: 2F 0-2: Ball 1-2: Ball 2-2: Foul Ball, location: 2F 2-2: Ball 3-2: Fly out, F8 (Flyball, 78D, EV 105.6 MPH)
|
| Bottom of the 2nd over - 2 runs, 3 hits, 0 errors, 3 left on base; Kane County 0 - Hartford 2 |
| TOP OF THE 3RD |
|
Kane County Cougars batting - Pitching for Hartford Yard Goats : RHP Clay Redman
|
|
Batting: LHB Brian Nielsen
|
0-0: Called Strike 0-1: Ball 1-1: Foul Ball, location: 2F 1-2: Ground out 4-3 (Groundball, 4, EV 103.8 MPH)
|
|
Batting: RHB Jason Rivers
|
0-0: Called Strike 0-1: Ball 1-1: Ground out 1-3 (Groundball, 13S, EV 66.9 MPH)
|
|
Batting: RHB Mike Persinger
|
0-0: Called Strike 0-1: Ball 1-1: Called Strike 1-2: Ball 2-2: Strikes out swinging
|
| Top of the 3rd over - 0 runs, 0 hits, 0 errors, 0 left on base; Kane County 0 - Hartford 2 |
| BOTTOM OF THE 3RD |
|
Hartford Yard Goats batting - Pitching for Kane County Cougars : RHP Eric Richards
|
|
Batting: RHB Kian-tat Chen
|
0-0: Called Strike 0-1: Ball 1-1: Ball 2-1: Swinging Strike 2-2: Ball 3-2: Fly out, F9 (Flyball, 9D, EV 106.3 MPH)
|
|
Batting: LHB Jeremy Brammer
|
0-0: Foul Ball, location: 2F 0-1: Ball 1-1: SINGLE (Flyball, 89S, EV 90.6 MPH)
|
|
Batting: SHB In-sung Lee
|
0-0: Foul Ball, location: 2F 0-1: Called Strike Jeremy Brammer steals 2nd base 0-2: Ground out 3-1 (Groundball, 34, EV 100.6 MPH) Jeremy Brammer to third
|
|
Batting: SHB Pete Perla
|
0-0: Ball 1-0: Fly out, F7 (Flyball, 7LD, EV 83.1 MPH)
|
| Bottom of the 3rd over - 0 runs, 1 hit, 0 errors, 1 left on base; Kane County 0 - Hartford 2 |
| TOP OF THE 4TH |
|
Kane County Cougars batting - Pitching for Hartford Yard Goats : RHP Clay Redman
|
|
Batting: LHB Willie Gutierrez
|
0-0: Called Strike 0-1: SINGLE (Groundball, 56S, EV 68.8 MPH) (infield hit)
|
|
Batting: RHB Dave Vargas
|
0-0: Ball Willie Gutierrez steals 2nd base 1-0: Swinging Strike 1-1: Foul Ball, location: 2F 1-2: DOUBLE (Line Drive, 8RXD, EV 112.5 MPH) Willie Gutierrez scores
|
|
Batting: LHB T.J. Duvall
|
0-0: Ball 1-0: Called Strike 1-1: Foul Ball, location: 2F 1-2: Strikes out looking
|
|
Batting: RHB Marlon Reda
|
0-0: Ball 1-0: Swinging Strike 1-1: Called Strike 1-2: Foul Ball, location: 2F 1-2: Strikes out swinging
|
|
Batting: RHB Franklin Villanueva
|
0-0: Ball 1-0: Foul Ball, location: 2F 1-1: Called Strike 1-2: Foul Ball, location: 2F 1-2: Ball 2-2: Strikes out swinging
|
| Top of the 4th over - 1 run, 2 hits, 0 errors, 1 left on base; Kane County 1 - Hartford 2 |
| BOTTOM OF THE 4TH |
|
Hartford Yard Goats batting - Pitching for Kane County Cougars : RHP Eric Richards
|
|
Batting: RHB Eric Garrett
|
0-0: Ball 1-0: Swinging Strike 1-1: Foul Ball, location: 2F 1-2: Ball 2-2: Foul Ball, location: 2F 2-2: Foul Ball, location: 2F 2-2: Foul Ball, location: 2F 2-2: Ball 3-2: Strikes out swinging
|
|
Batting: RHB Jerry Edmiston
|
0-0: Ball 1-0: SOLO HOME RUN (Flyball, 78XD, EV 97.5 MPH), Distance : 385 ft
|
|
Batting: RHB Steve Waltenbery
|
0-0: Ball 1-0: Ball 2-0: Ball 3-0: Called Strike 3-1: Called Strike 3-2: Foul Ball, location: 2F 3-2: Ground out 6-3 (Groundball, 6, EV 81.9 MPH)
|
|
Batting: SHB Eddie Quinones
|
0-0: Ball 1-0: Foul Ball, location: 2F 1-1: Foul Ball, location: 2F 1-2: Foul Ball, location: 2F 1-2: Strikes out swinging
|
| Bottom of the 4th over - 1 run, 1 hit, 0 errors, 0 left on base; Kane County 1 - Hartford 3 |
| TOP OF THE 5TH |
|
Kane County Cougars batting - Pitching for Hartford Yard Goats : RHP Clay Redman
|
|
Batting: RHB John Pena
|
0-0: Called Strike 0-1: SINGLE (Groundball, 56, EV 106.3 MPH)
|
|
Batting: LHB Brian Nielsen
|
0-0: Ball 1-0: Ball 2-0: Foul Ball, location: 2F 2-1: Foul Ball, location: 2F 2-2: Strikes out swinging
|
|
Batting: RHB Jason Rivers
|
0-0: Ball 1-0: Ball 2-0: Foul Ball, location: 2F 2-1: Fielders Choice at 2nd, 6-4 (Groundball, 6, EV 82.5 MPH)
|
|
Batting: RHB Mike Persinger
|
0-0: Called Strike 0-1: Ball 1-1: Called Strike 1-2: Foul Ball, location: 2F 1-2: Ball 2-2: Ball 3-2: Fly out, F6 (Popup, 4MD, EV 55.6 MPH)
|
| Top of the 5th over - 0 runs, 1 hit, 0 errors, 1 left on base; Kane County 1 - Hartford 3 |
| BOTTOM OF THE 5TH |
|
Hartford Yard Goats batting - Pitching for Kane County Cougars : RHP Eric Richards
|
|
Batting: SHB Bobby Santor
|
0-0: Ball 1-0: Ground out 4-3 (Groundball, 4, EV 80.0 MPH)
|
|
Batting: RHB Kian-tat Chen
|
0-0: Ball 1-0: Ball 2-0: Called Strike 2-1: SOLO HOME RUN (Flyball, 78XD, EV 100.6 MPH), Distance : 404 ft
|
|
Batting: LHB Jeremy Brammer
|
0-0: Foul Ball, location: 2F 0-1: Ball 1-1: Swinging Strike 1-2: Strikes out swinging
|
|
Batting: SHB In-sung Lee
|
0-0: Ball 1-0: Swinging Strike 1-1: Ball 2-1: Ball 3-1: Base on Balls
|
|
Batting: SHB Pete Perla
|
0-0: Foul Ball, location: 2F 0-1: Ball 1-1: Fielders Choice at 2nd, 6-4 (Groundball, 6, EV 83.8 MPH)
|
| Bottom of the 5th over - 1 run, 1 hit, 0 errors, 1 left on base; Kane County 1 - Hartford 4 |
| TOP OF THE 6TH |
|
Kane County Cougars batting - Pitching for Hartford Yard Goats : RHP Clay Redman
|
|
Batting: LHB Willie Gutierrez
|
0-0: Called Strike 0-1: Swinging Strike 0-2: Ball 1-2: Foul Ball, location: 2F 1-2: Ball 2-2: Strikes out swinging
|
|
Batting: RHB Dave Vargas
|
0-0: Swinging Strike 0-1: Foul Ball, location: 2F 0-2: Strikes out looking
|
|
Batting: LHB T.J. Duvall
|
0-0: Ball 1-0: Ball 2-0: Ball 3-0: Base on Balls
|
|
Pitching: LHP Su-wu Pi
|
|
|
Batting: RHB Marlon Reda
|
0-0: Fly out, F8 (Flyball, 89D, EV 96.9 MPH)
|
| Top of the 6th over - 0 runs, 0 hits, 0 errors, 1 left on base; Kane County 1 - Hartford 4 |
| BOTTOM OF THE 6TH |
|
Hartford Yard Goats batting - Pitching for Kane County Cougars : RHP Eric Richards
|
|
Pitching: RHP Ming-feng Pi
|
|
|
Batting: RHB Eric Garrett
|
0-0: Foul Ball, location: 2F 0-1: Called Strike 0-2: Foul Ball, location: 2F 0-2: Ball 1-2: Ball 2-2: Ball 3-2: Foul Ball, location: 2F 3-2: Ground out 6-3 (Groundball, 6, EV 98.8 MPH)
|
|
Batting: RHB Jerry Edmiston
|
0-0: Called Strike 0-1: Ball 1-1: Ball 2-1: Ground out U3 (Groundball, 3, EV 111.9 MPH)
|
|
Batting: RHB Steve Waltenbery
|
0-0: Called Strike 0-1: Ball 1-1: Foul Ball, location: 2F 1-2: Ball 2-2: Ball 3-2: Foul Ball, location: 2F 3-2: Foul Ball, location: 2F 3-2: Strikes out swinging
|
| Bottom of the 6th over - 0 runs, 0 hits, 0 errors, 0 left on base; Kane County 1 - Hartford 4 |
| TOP OF THE 7TH |
|
Kane County Cougars batting - Pitching for Hartford Yard Goats : LHP Su-wu Pi
|
|
Batting: RHB Franklin Villanueva
|
0-0: Called Strike 0-1: SINGLE (Groundball, 56D, EV 103.8 MPH)
|
|
Batting: RHB John Pena
|
0-0: Ball Franklin Villanueva is caught stealing 2nd base 2-4 1-0: Ball 2-0: Ball 3-0: Base on Balls
|
|
Batting: LHB Brian Nielsen
|
0-0: Called Strike 0-1: Ball 1-1: Ball 2-1: SINGLE (Groundball, 56S, EV 76.9 MPH) (infield hit) John Pena to second
|
|
Batting: RHB Jason Rivers
|
0-0: Fly out, F4 (Line Drive, 4, EV 71.9 MPH) Lined into DP, 4-6 (Line Drive, 4, EV 75.0 MPH)
|
| Top of the 7th over - 0 runs, 2 hits, 0 errors, 1 left on base; Kane County 1 - Hartford 4 |
| BOTTOM OF THE 7TH |
|
Hartford Yard Goats batting - Pitching for Kane County Cougars : RHP Ming-feng Pi
|
|
Batting: SHB Eddie Quinones
|
0-0: Called Strike 0-1: Ball 1-1: Ball 2-1: Ground out 4-3 (Groundball, 4, EV 78.8 MPH)
|
|
Batting: SHB Bobby Santor
|
0-0: Ball 1-0: Ball 2-0: Fly out, F7 (Flyball, 7, EV 90.6 MPH)
|
|
Batting: RHB Kian-tat Chen
|
0-0: Ball 1-0: TRIPLE (Flyball, 8RXD, EV 105.6 MPH)
|
|
Batting: LHB Jeremy Brammer
|
0-0: Ball 1-0: Ball 2-0: Called Strike 2-1: Foul Ball, location: 2F 2-2: Strikes out swinging
|
| Bottom of the 7th over - 0 runs, 1 hit, 0 errors, 1 left on base; Kane County 1 - Hartford 4 |
| TOP OF THE 8TH |
|
Kane County Cougars batting - Pitching for Hartford Yard Goats : LHP Su-wu Pi
|
|
Pitching: RHP Travis Porter
|
|
|
Now at 1B: Tyler Stebbins
|
|
|
Now in LF: In-sung Lee
|
|
|
Batting: RHB Mike Persinger
|
0-0: Called Strike 0-1: Ball 1-1: Called Strike 1-2: Strikes out swinging
|
|
Batting: LHB Willie Gutierrez
|
0-0: Ground out 4-3 (Groundball, 4, EV 89.4 MPH)
|
|
Batting: RHB Dave Vargas
|
0-0: Foul Ball, location: 2F 0-1: Ball 1-1: Ground out U3 (Groundball, 34S, EV 66.9 MPH)
|
| Top of the 8th over - 0 runs, 0 hits, 0 errors, 0 left on base; Kane County 1 - Hartford 4 |
| BOTTOM OF THE 8TH |
|
Hartford Yard Goats batting - Pitching for Kane County Cougars : RHP Ming-feng Pi
|
|
Pitching: LHP Yorihiko Honda
|
|
|
Batting: SHB In-sung Lee
|
0-0: Called Strike 0-1: Swinging Strike 0-2: SINGLE (Line Drive, 8LS, EV 93.1 MPH)
|
|
Batting: SHB Pete Perla
|
0-0: Ball 1-0: Ball 2-0: Ball 3-0: Called Strike 3-1: Foul Ball, location: 2F 3-2: Foul Ball, location: 2F 3-2: Foul Ball, location: 2F 3-2: Strikes out swinging
|
|
Batting: RHB Eric Garrett
|
0-0: Ball 1-0: Ball 2-0: Ball 3-0: Base on Balls In-sung Lee to second
|
|
Batting: RHB Jerry Edmiston
|
0-0: Fly out, F8 (Flyball, 8RXD, EV 79.4 MPH) Runner from 2nd tags up, SAFE at 3rd, no throw by CF
|
|
Batting: RHB Steve Waltenbery
|
0-0: Ball 1-0: Ball 2-0: Called Strike 2-1: Swinging Strike 2-2: Strikes out looking
|
| Bottom of the 8th over - 0 runs, 1 hit, 0 errors, 2 left on base; Kane County 1 - Hartford 4 |
|